 Dungeon Crawl Stone Soup version 0.27-a0-124-g19cb506db8 (webtiles) character file.

Game seed: 6132171245916602859

22558 gimp the Protected (level 12, -2/141 HPs)
             Began as a Demigod Wanderer on Jan 26, 2021.
             Slain by an entropy weaver (9 damage)
             ... in a Gauntlet.
             The game lasted 00:51:42 (17170 turns).

gimp the Protected (Demigod Wanderer)              Turns: 17170, Time: 00:51:43

Health: -2/141     AC:  8    Str: 25    XL:     12   Next: 32%
Magic:  20/20      EV:  8    Int: 22    God:
Gold:   155        SH: 15    Dex: 19    Spells: 8/17 levels left

rFire    + + +     SeeInvis .   a - +8 whip "Ogreslayer" {vorpal, Will+ Int+3}
rCold    . . .     Faith    .   N - +0 kite shield {rN+}
rNeg     + . .     Spirit   .   y - +3 ring mail of the Unbroken {Regen+ Dex+3}
rPois    .         Reflect  +   G - +1 helmet
rElec    .         Harm     .   (no cloak)
rCorr    +         Rampage  .   v - +1 pair of gloves
Will     ++...     NoTele   +   (no boots)
Stlth    ..........             K - amulet of reflection
HPRegen  0.73/turn              Q - ring of resist corrosion
MPRegen  0.17/turn              A - ring "Okul" {*Contam +Blink rF+++ Int+6}

@: berserking, lethally poisoned (-2 -> -3), corroded, very quick
A: high mp 1
a: Evoke Blink


You were in a Gauntlet.
You visited 2 branches of the dungeon, and saw 14 of its levels.
You also visited: Gauntlet.

You collected 739 gold pieces.
You spent 584 gold pieces at shops.

Inventory:

Hand Weapons
 a - the +8 whip "Ogreslayer" (weapon) {vorpal, Will+ Int+3}
   (You found it on level 4 of the Dungeon)

   It inflicts extra damage upon your enemies.
   It affects your intelligence (+3).
   It affects your willpower, your defense against some magical effects.
 b - a +1 whip of venom
 d - a +1 vorpal morningstar
Missiles
 g - 12 boomerangs
 o - 26 poisoned darts (quivered)
 C - 8 curare-tipped darts
Armour
 v - a +1 pair of gloves (worn)
 y - the +3 ring mail of the Unbroken (worn) {Regen+ Dex+3}
   (You found it on level 6 of the Dungeon)

   It affects your dexterity (+3).
   It increases your rate of regeneration.
 G - a +1 helmet (worn)
 N - a +0 kite shield of positive energy (worn)
Magical Staves
 J - an uncursed staff of death
Jewellery
 i - the ring "Dottuevo" {Fire Will+ Int+3}
   (You acquired it on level 6 of the Dungeon)

   [ring of fire]

   It enhances your fire magic.
   It affects your intelligence (+3).
   It protects you from fire.
   It makes you vulnerable to cold.
   It affects your willpower, your defense against some magical effects.
 A - the ring "Okul" (right hand) {*Contam +Blink rF+++ Int+6}
   (You acquired it on level 6 of the Dungeon)

   [ring of intelligence]

   It affects your intelligence (+6).
   It renders you almost immune to fire.
   It lets you blink.
   It causes magical contamination when unequipped.
 E - an uncursed ring of poison resistance
 I - a +6 ring of intelligence
 K - an amulet of reflection (around neck)
 Q - a ring of resist corrosion (left hand)
 S - the ring "Cifemur" {rElec rF- Will+ Dex-2 Slay+5}
   (You found it in a Gauntlet)

   [ring of willpower]

   It affects your dexterity (-2).
   It affects your accuracy and damage with ranged weapons and melee attacks
   (+5).
   It makes you vulnerable to fire.
   It insulates you from electricity.
   It affects your willpower, your defense against some magical effects.
 T - the ring "Kovos" {*Corrode rF+ Str+2 Int+2 Dex+2 SInv}
   (You found it in a Gauntlet)

   [ring of protection from fire]

   It affects your strength (+2).
   It affects your intelligence (+2).
   It affects your dexterity (+2).
   It protects you from fire.
   It lets you see invisible.
   It may corrode you when you take damage.
Wands
 j - a wand of iceblast (18)
 u - a wand of polymorph (8)
 L - a wand of paralysis (8)
 O - a wand of enslavement (9)
 P - a wand of flame (26)
Scrolls
 c - 6 scrolls of teleportation
 f - 2 scrolls of immolation
 k - 9 scrolls of remove curse
 n - 2 scrolls of enchant weapon
 w - 2 scrolls of fog
 x - 2 scrolls of enchant armour
 z - a scroll of fear
 D - a scroll of summoning
 F - a scroll of brand weapon
Potions
 e - a potion of haste
 h - 2 potions of heal wounds
 l - 2 potions of mutation
 m - a potion of flight
 p - a potion of magic
 q - a potion of curing
 r - 3 potions of brilliance
 t - 2 potions of cancellation
 H - 3 potions of might
 M - a potion of resistance {unknown}
 R - a potion of degeneration {unknown}
Miscellaneous
 B - a condenser vane


   Skills:
 - Level 5.0 Fighting
 - Level 1.0 Long Blades
 - Level 12.0 Maces & Flails
 - Level 3.0 Throwing
 - Level 13.2 Armour
 * Level 3.1 Shields
 - Level 3.0 Spellcasting
 + Level 6.8 Necromancy
 * Level 6.9 Earth Magic
 - Level 1.0 Evocations


You had 8 spell levels left.
You knew the following spells:

 Your Spells              Type           Power        Failure   Level
a - Cause Fear            Hex            1%           100%        4
b - Borgnjor's Vile Clut  Necr/Erth      16%          77%         5

Your spell library contained the following spells:

 Spells                   Type           Power        Failure   Level
 Corona                   Hex            3%           61%         1
 Ensorcelled Hibernation  Hex/Ice        6%           75%         2
 Slow                     Hex            3%           75%         2
 Leda's Liquefaction      Hex/Erth       9%           88%         4
 Confusing Touch          Hex            3%           93%         3
 Dazzling Flash           Conj/Hex       6%           93%         3
 Inner Flame              Hex/Fire       3%           93%         3
 Portal Projectile        Hex/Tloc       6%           93%         3
 Tukima's Dance           Hex            3%           93%         3
 Silence                  Hex/Air        1%           100%        5
 Shadow Creatures         Summ           N/A          100%        6


Dungeon Overview and Level Annotations

Branches:
Dungeon (13/15)            Temple (0/1) D:4            Lair (1/6) D:11
    Orc (0/2) D:11        Gauntlet (1/1)
 Vaults: D:13-14

Shops:
D:9 *   D:11 =

Annotations:
D:5 2 transporters, exclusion: goblin, timneilson's ghost, novice GrFi
D:7 1 runed translucent door, Crazy Yiuf
D:12 1 runed translucent door, Weelen's ghost, journeyman MiBe
D:13 Azrael Gauntlet 11 transporters


Innate Abilities, Weirdness & Mutations

You have an increased reservoir of magic. (+10% MP)


Message History

You take 1 damage, and have 18/141 hp.
You closely miss the entropy weaver.
The entropy weaver is severely wounded.
The entropy weaver closely misses you. You block the entropy weaver's attack.
The entropy weaver hits you!
* * * LOW HITPOINT WARNING * * *
You block the entropy weaver's attack.
You take 10 damage, and have 8/141 hp.
You hit the entropy weaver.
The entropy weaver looks as sick as possible!
The entropy weaver is severely wounded.
Your +1 whip of venom stops dripping with poison.
You feel clever.
a - the +8 whip "Ogreslayer" (weapon)
{vorpal, Will+ Int+3} You feel sick.
You take 1 damage, and have 7/141 hp.
You closely miss the entropy weaver.
The entropy weaver is severely wounded.
The entropy weaver hits you!
You die...

.#≈≈≈§8≈≈≈≈#........©#......#8#
.###########.#############..###
.####.######.#.#.........#..#
.#.#.##..#.#.#.#.........#..#
.#.##..#.?##.#.#.#######.#..#####
.##.#.©###[#.#.##.#.#.#.##..#≈8≈#
©###.#.##.©#©#.#....©....#..#...#
##..#.###.u###.#B#.#.#.#.####.8..
.##.#.#.##u#...#@#######.#©.....#
.#.#.#u...G#...#.........####.8..
.#.##.#.#..#...#.."?©)...#..#...#
.###########...###########..#.8.#
.............≈.............≈#...#
§...........≈8≈............∩#.8.#
.............≈.............§#...#
.###########...###########..#.8.#
.#bbb......#...##.!.©=}.##..#...#


You could see an entropy weaver (extremely poisoned), 2 ugly things and a
glowing orange brain.

Vanquished Creatures
  A great orb of eyes (Gauntlet)
  Josephine (D:11)
  A boulder beetle (D:11)
  3 hydras
  2 two-headed ogres
  2 tengu warriors (D:13)
  An unseen horror (D:10)
  Pikel (D:5)
  4 ugly things
  2 cyclopes
  4 cane toads (Lair:1)
  A kobold demonologist (D:11)
  4 trolls
  A raiju (Gauntlet)
  A redback (Gauntlet)
  Sigmund (D:4)
  5 wraiths
  A wyvern (D:10)
  6 yaks
  2 steam dragons (Gauntlet)
  3 water moccasins
  2 hell hounds (D:13)
  3 orc warriors
  5 ice beasts
  A phantom (D:5)
  4 sky beasts
  3 black bears
  8 ogres
  12 centaurs
  A big kobold (D:10)
  9 bullfrogs
  A gnoll sergeant (D:10)
  A water moccasin zombie (D:7)
  3 scorpions
  8 killer bees
  16 wights
  2 howler monkeys
  3 electric eels (D:10)
  2 centaur skeletons
  8 hounds
  4 bullfrog zombies
  3 jellies
  8 orc priests
  4 centaur zombies
  3 bullfrog skeletons
  5 iguanas
  14 orc wizards
  9 worker ants
  A hound zombie (D:6)
  2 worker ant zombies
  5 gnolls
  14 adders
  5 shadow imps
  6 white imps
  4 ufetubi
  3 oozes
  An adder skeleton (D:5)
  4 worms
  4 dart slugs (D:1)
  6 leopard geckos
  44 orcs
  14 bats
  5 giant cockroaches
  8 hobgoblins
  14 jackals
  7 kobolds
  2 quokkas
  2 ball pythons (D:2)
  5 frilled lizards
  11 goblins
  10 rats
366 creatures vanquished.

Vanquished Creatures (others)
  A kobold (D:10)
  2 demonic plants (Gauntlet)
3 creatures vanquished.

Grand Total: 369 creatures vanquished

Notes
Turn   | Place    | Note
-------+----------+-------------------------------------------
     0 | D:1      | gimp the Demigod Wanderer began the quest for the Orb.
     0 | D:1      | gimp set off with the following items: a +0 club, a potion
                  | of lignification, a scroll of teleportation, a +2 scale
                  | mail
     0 | D:1      | Reached XP level 1. HP: 19/19 MP: 3/3
   104 | D:1      | Reached XP level 2. HP: 13/27 MP: 4/4
   421 | D:1      | Reached skill level 3 in Armour
   713 | D:1      | Reached XP level 3. HP: 29/34 MP: 5/5
  1758 | D:2      | Reached XP level 4. HP: 37/41 MP: 6/6
  1776 | D:2      | Reached skill level 1 in Maces & Flails
  3217 | D:3      | Reached skill level 5 in Fighting
  3267 | D:3      | Found a radiant altar of Vehumet.
  3389 | D:3      | Reached XP level 5. HP: 45/48 MP: 7/7
  4690 | D:4      | Reached skill level 4 in Armour
  4769 | D:4      | You fall into a shaft and drop 1 floor!
  4769 | D:5      | Entered Level 5 of the Dungeon
  4828 | D:5      | Found a transporter.
  4831 | D:5      | Noticed timneilson's ghost (novice GrFi)
  4834 | D:5      | Found a transporter.
  4874 | D:5      | Reached XP level 6. HP: 56/56 MP: 8/8
  5207 | D:4      | Found a staircase to the Ecumenical Temple.
  5210 | D:4      | Noticed Sigmund
  5458 | D:4      | Got a scorched whip
  5471 | D:3      | Identified the +8 whip "Ogreslayer" {vorpal, Will+ Int+3}
                  | (You found it on level 4 of the Dungeon)
  5545 | D:4      | Killed Sigmund
  5719 | D:4      | Reached XP level 7. HP: 59/61 MP: 9/9
  5740 | D:4      | Found a hazy altar of Hepliaklqana.
  5765 | D:4      | Reached skill level 5 in Maces & Flails
  6075 | D:4      | Found a blossoming altar of Fedhas.
  6202 | D:5      | Reached skill level 5 in Armour
  6508 | D:5      | Noticed Pikel
  6549 | D:5      | Killed Pikel
  6550 | D:5      | Reached XP level 8. HP: 29/68 MP: 10/10
  6816 | D:5      | Found an iron altar of Okawaru.
  7153 | D:6      | Got an opal-encrusted ring mail
  7164 | D:6      | Identified the +3 ring mail of the Unbroken {Regen+ Dex+3}
                  | (You found it on level 6 of the Dungeon)
  7492 | D:6      | Found a bloodstained altar of Trog.
  7503 | D:6      | Found a white marble altar of Elyvilon.
  7681 | D:6      | Identified 3 scrolls of acquirement
  7682 | D:6      | Acquired the ring "Dottuevo" {Fire Will+ Int+3}
  7684 | D:6      | Acquired a manual of Armour
  7686 | D:6      | Acquired the ring "Okul" {*Contam +Blink rF+++ Int+6}
  8150 | D:7      | Reached XP level 9. HP: 74/74 MP: 11/11
  8163 | D:7      | Reached skill level 10 in Maces & Flails
  8603 | D:7      | Found a runed translucent door.
  8604 | D:7      | Noticed Crazy Yiuf
  9331 | D:8      | Noticed a two-headed ogre
  9347 | D:8      | Killed a two-headed ogre
  9348 | D:8      | Reached skill level 6 in Armour
  9687 | D:8      | Reached skill level 7 in Armour
 10028 | D:9      | Found a broken altar of Ashenzari.
 10137 | D:9      | Found Etwupp's Assorted Antiques.
 10149 | D:9      | Bought a potion of curing for 84 gold pieces
 10149 | D:9      | Bought 2 scrolls of identify for 112 gold pieces
 10149 | D:9      | Bought a scroll labelled WEMNIASOTU for 28 gold pieces
 10310 | D:9      | Reached skill level 8 in Armour
 10310 | D:9      | Reached XP level 10. HP: 70/81 MP: 13/13
 10766 | D:9      | Found a shadowy altar of Dithmenos.
 10766 | D:9      | Found a glowing golden altar of the Shining One.
 10771 | D:9      | Found a basalt altar of Yredelemnul.
 10779 | D:9      | Found an ancient bone altar of Kikubaaqudgha.
 10780 | D:9      | Found an ornate altar of the Wu Jian Council.
 10883 | D:10     | Entered Level 10 of the Dungeon
 11003 | D:10     | Killed an unseen horror
 11004 | D:10     | Reached skill level 9 in Armour
 11158 | D:10     | Reached skill level 10 in Armour
 11329 | D:10     | Reached skill level 11 in Armour
 11440 | D:10     | Learned a level 4 spell: Cause Fear
 11452 | D:10     | Learned a level 5 spell: Borgnjor's Vile Clutch
 12179 | D:11     | Reached skill level 1 in Necromancy
 12179 | D:11     | Reached skill level 1 in Earth Magic
 12203 | D:11     | Found a staircase to the Lair.
 12332 | D:11     | You fall into a shaft and drop 2 floors!
 12375 | D:13     | Noticed a purple ugly thing
 12400 | D:13     | Killed a purple ugly thing
 12401 | D:13     | Reached skill level 1 in Spellcasting
 12532 | D:13     | Noticed a six-headed hydra
 12588 | D:13     | Killed a six-headed hydra
 12589 | D:13     | Reached skill level 12 in Armour
 12589 | D:13     | Reached XP level 11. HP: 25/86 MP: 16/16
 12813 | D:13     | Noticed a tengu warrior
 12875 | D:13     | Killed a tengu warrior
 12887 | D:13     | Noticed a tengu warrior
 13006 | D:13     | Killed a tengu warrior
 13191 | D:12     | Noticed a six-headed hydra
 13191 | D:12     | Noticed a two-headed ogre
 13203 | D:13     | Killed a two-headed ogre
 13213 | D:13     | Noticed Azrael
 13303 | D:11     | Found Jigyth's Jewellery Shoppe.
 13316 | D:11     | Bought an uncursed ring of poison resistance for 360 gold
                  | pieces
 13839 | D:11     | Noticed a four-headed hydra
 13994 | D:11     | Noticed a boulder beetle
 14016 | D:11     | Killed a boulder beetle
 14286 | D:11     | Killed a four-headed hydra
 14356 | D:11     | Reached skill level 5 in Earth Magic
 14535 | D:11     | Found a staircase to the Orcish Mines.
 14549 | D:11     | Reached skill level 5 in Necromancy
 14549 | D:11     | Found a roughly hewn altar of Beogh.
 15190 | D:11     | Killed a six-headed hydra
 15191 | D:11     | Reached skill level 1 in Shields
 15495 | D:12     | Noticed Josephine
 15629 | D:11     | Killed Josephine
 15630 | D:11     | Reached XP level 12. HP: 94/94 MP: 20/20
 15925 | D:12     | Found a runed translucent door.
 15942 | D:12     | Reached skill level 13 in Armour
 16139 | D:12     | Noticed Weelen's ghost (journeyman MiBe)
 16409 | Lair:1   | Entered Level 1 of the Lair of Beasts
 16525 | Lair:1   | Found a gate leading to a gauntlet.
 16588 | Gauntlet | Entered a Gauntlet
 16588 | Gauntlet | Found a transporter.
 16588 | Gauntlet | Found a transporter.
 16592 | Gauntlet | Found a transporter.
 16592 | Gauntlet | Found a transporter.
 16602 | Gauntlet | Found a transporter.
 16608 | Gauntlet | Noticed an entropy weaver
 16612 | Gauntlet | Found a transporter.
 16612 | Gauntlet | Found a transporter.
 16636 | Gauntlet | Found a transporter.
 16647 | Gauntlet | Found a transporter.
 16664 | Gauntlet | Found a transporter.
 16688 | Gauntlet | Found a transporter.
 16706 | Gauntlet | Found a transporter.
 16710 | Gauntlet | Noticed a great orb of eyes
 16752 | Gauntlet | Found a transporter.
 16770 | Gauntlet | Found a transporter.
 16871 | Gauntlet | Found a transporter.
 16878 | Gauntlet | Noticed a death ooze
 16885 | Gauntlet | Found a transporter.
 17005 | Gauntlet | Got a coiled brass ring
 17007 | Gauntlet | Identified the ring "Cifemur" {rElec rF- Will+ Dex-2
                  | Slay+5} (You found it in a Gauntlet)
 17092 | Gauntlet | Killed a great orb of eyes
 17111 | Gauntlet | Got a pitted turquoise ring
 17135 | Gauntlet | Identified the ring "Kovos" {*Corrode rF+ Str+2 Int+2 Dex+2
                  | SInv} (You found it in a Gauntlet)
 17169 | Gauntlet | HP: 7/141 [poisoned by a redback]
 17170 | Gauntlet | Slain by an entropy weaver

Illustrated notes

Levels and vault maps discovered:
D:1:      dpeg_arrival_lava_temple_mockup, layout_basic,
          chequers_serial_rivers_room_b
D:2:      layout_rooms, minmay_hexomino_c4
D:3:      layout_rooms, lemuel_crystal_altar, minmay_fractal_squares_gapless_5
D:4:      layout_cave_pods, fedhas_altar_4, old_standard_altar,
          minmay_temple_entry_stoned_glass, serial_glass, glass_columns_a,
          glass_columns_c, uniq_sigmund
D:5:      layout_gridville, gammafunk_ghost_arena, kennysheep_okawaru_gauntlet,
          uniq_pikel
D:6:      layout_loops_ring, bloody_trog, basic_altar
D:7:      minmay_angry_zag, layout_rooms, serial_co_window_serial,
          co_window_corner_a, co_window_paths_a, co_window_paths_a,
          co_window_paths_a, co_window_paths_b, co_window_paths_a,
          co_window_of_opportunity_a, co_window_corner_a, co_window_paths_a,
          co_window_corner_b, co_window_cross_4, co_window_broadway_a,
          co_window_cross_4, co_window_paths_c, co_window_of_opportunity_b,
          glass_columns_a, uniq_crazy_yiuf_cottage
D:8:      layout_basic
D:9:      layout_layer_cave, chequers_temple_overflow_minitemple, serial_shops,
          shop, cheibrodos_ashenzari_chains
D:10:     layout_basic, minmay_mirror_moons_of_madness
D:11:     layout_cave_pods, lair_entry_dummy, minmay_orc_entry_temple_small,
          serial_shops, nicolae_shop_waterfront, minmay_misc_feat_plants
D:12:     layout_basic, ebering_ghost_reflecting_pool, uniq_josephine
D:13:     layout_basic, erik_vaults_2, uniq_azrael
Lair:1:   layout_cave_pods, gauntlet_entry_generic, beast_lair_carwin_5,
          minmay_lair_oklob_chamber, serial_bayou_shore_a, uniq_harold
Gauntlet: gammafunk_gauntlet_branching [nicolae_gauntlet_arena_flowing_pool,
          gammafunk_gauntlet_arena_grid, nicolae_gauntlet_arena_quarters,
          nicolae_gauntlet_arena_t_cross, gammafunk_gauntlet_arena_mazey,
          gammafunk_gauntlet_arena_crates, nicolae_gauntlet_arena_x,
          gammafunk_gauntlet_arena_teeth,
          nicolae_gauntlet_exit_dead_adventurers]

Skill      XL: |  1  2  3  4  5  6  7  8  9 10 11 12 |
---------------+-------------------------------------+-----
Fighting       | 4 5 |  5.0
Armour         | 3 4 5 8 12 13 | 13.2
Maces & Flails | 1 3 4 8 9 11 12 | 12.0
Necromancy     | 2 5 6 |  6.8
Earth Magic    | 2 6 |  6.9
Spellcasting   | 1 3 |  3.0
Throwing       | 3 |  3.0
Shields        | 1 3 |  3.1
Long Blades    | |  1.0
Evocations     | |  1.0

Action                   |  1- 3 |  4- 6 |  7- 9 | 10-12 || total
-------------------------+-------+-------+-------+-------++-------
Melee: Club              |   111 |       |       |       ||   111
       Short sword       |    45 |       |       |       ||    45
       Whip              |    71 |   392 |   297 |   854 ||  1614
Throw: Dart              |       |    44 |       |     2 ||    46
Evoke: Wand              |       |     4 |     5 |    16 ||    25
  Use: Potion            |     3 |       |       |     3 ||     6
       Scroll            |       |    11 |     9 |     7 ||    27
 Stab: Paralysed         |       |     3 |     5 |       ||     8
Armor: Skin              |    31 |       |       |       ||    31
       Scale mail        |   167 |   250 |    29 |       ||   446
       Ring mail         |       |       |    72 |   259 ||   331
Dodge: Dodged            |   165 |   276 |   106 |   174 ||   721
Block: Kite shield       |       |       |       |   459 ||   459
       Reflection        |       |       |       |    29 ||    29
       Other             |       |       |       |     4 ||     4

Table legend: (Time is in decaauts)
 A = Elapsed time spent in this place.
 B = Non-inter-level travel time spent in this place.
 C = Inter-level travel time spent in this place.
 D = Time resting spent in this place.
 E = Time spent auto-exploring this place.
 F = Levels seen in this place.
 G = Mean time per level.
                   A        B        C        D        E       F      G
               +--------+--------+--------+--------+--------+-----+--------+
         Total |  16758 |  16023 |    735 |   1851 |   9998 |  15 | 1117.2 |
       Dungeon |  16062 |  15328 |    734 |   1768 |   9699 |  13 | 1235.5 |
          Lair |    147 |    147 |      0 |     43 |      0 |   1 |  147.0 |
      Gauntlet |    548 |    548 |      0 |     40 |    299 |   1 |  548.0 |
               +--------+--------+--------+--------+--------+-----+--------+

Top non-repeatable levels by time:
     D:1: 2028 daAuts
    D:11: 2005 daAuts
     D:2: 1699 daAuts
    D:10: 1454 daAuts
     D:4: 1347 daAuts
     D:7: 1293 daAuts
     D:5: 1104 daAuts
    D:13: 1011 daAuts
     D:3: 944 daAuts
     D:9: 863 daAuts
    D:12: 794 daAuts
     D:8: 789 daAuts
     D:6: 726 daAuts
Gauntlet: 548 daAuts
  Lair:1: 147 daAuts
